 Dungeon Crawl Stone Soup version 0.19-a0-450-g98b348d (webtiles) character file.

6 Kilingo the Digger (level 1, -2/11 HPs)
             Began as a Gargoyle Earth Elementalist on June 2, 2016.
             Slain by a hobgoblin (4 damage)
             ... on level 1 of the Dungeon.
             The game lasted 00:04:39 (248 turns).

Kilingo the Digger (Gargoyle Earth Elementalist)     Turns: 248, Time: 00:04:40

Health: -2/11      AC:  4    Str: 11    XL:     1   Next: 90%
Magic:  0/3        EV: 12    Int: 15    God:
Gold:   8          SH:  0    Dex: 10    Spells: 1 memorised, 3 levels left

rFire  . . .     SeeInvis .     (no weapon)
rCold  . . .     Gourm    .     e - +0 robe
rNeg   + . .     Faith    .     (no shield)
rPois  ∞         Spirit   .     (no helmet)
rElec  +         Dismiss  .     (no cloak)
rCorr  .         Reflect  .     (no gloves)
SustAt .         Harm     .     (no boots)
MR     .....                    (no amulet)
Stlth  ++........               (no ring)
                                (no ring)

@: very slightly contaminated, not resistant to hostile enchantments, unstealthy
A: negative energy resistance 1, electricity resistance, unbreathing,
petrification resistance, rot immunity, AC +2
a: no special abilities


You were on level 1 of the Dungeon.
You were not hungry.

You visited 1 branch of the dungeon, and saw 1 of its levels.

You collected 8 gold pieces.

Inventory:

Hand Weapons
 h - a +0 dagger
Missiles
 b - 30 stones (quivered)
Armour
 e - a +0 robe (worn)
 g - a cursed +0 leather armour
Books
 c - a book of Geomancy

   Spells                             Type                      Level
   a - Sandblast                      Earth                        1
   b - Passwall                       Transmutation/Earth          2
   c - Stone Arrow                    Conjuration/Earth            3
   d - Petrify                        Transmutation/Earth          4
   e - Lee's Rapid Deconstruction     Earth                        5
Comestibles
 d - a bread ration
 i - 3 chunks of flesh


   Skills:
 + Level 0.7 Fighting
 - Level 1.2 Armour
 - Level 1.5 Dodging
 - Level 2.1 Stealth
 - Level 2.0 Spellcasting
   Level 0.7 Transmutations
 - Level 3.6 Earth Magic


You had 3 spell levels left.
You knew the following spells:

 Your Spells              Type           Power        Failure   Level  Hunger
a - Sandblast             Erth           ##....       6%          1    #......


Dungeon Overview and Level Annotations

Branches:
Dungeon (1/15)

Altars:


Innate Abilities, Weirdness & Mutations

You are resistant to torment.
Your stone body is resilient. (AC +2)
You are immune to poison.
You resist negative energy. (rN+)
You are resistant to electric shocks. (rElec)
You can survive without breathing.
You are immune to petrification.
You are immune to rotting.


Message History

Press: ? - help, Shift-Dir - straight line, f - hobgoblin
Aim: a hobgoblin (moderately wounded)
You miscast Sandblast.
You feel momentarily lethargic.
Casting: Sandblast
Confirm with . or Enter, or press ? or * to list all spells.
Aiming: Sandblast
Press: ? - help, Shift-Dir - straight line, f/p - hobgoblin
Aim: a hobgoblin (moderately wounded)
The blast of sand hits the hobgoblin.
The hobgoblin is moderately wounded.
The hobgoblin barely misses you.
Casting: Sandblast
Confirm with . or Enter, or press ? or * to list all spells.
Aiming: Sandblast
Press: ? - help, Shift-Dir - straight line, f/p - hobgoblin
Aim: a hobgoblin (moderately wounded)
The blast of sand hits the hobgoblin.
The hobgoblin is moderately wounded.
The hobgoblin hits you.
You die...

........#....##### #.........#
.............+,..# #8........#
.........>...#*#.# ##..###..#.#
........#....###.###...#l#..#.#
........###'#......#8..#k#..#.#
#####.### #.#.##.#.....#S#..#.#
...÷..# #...##.#.#8..#s#..#.#
####### ##.†##g#.#...#h#..#.#
***** #..##@#g##..###..#<#
,,,,* #.g##.#.##8......###
,,,,* ##..#.#.##.......# ,,,,*
#..#.#.###.8.8.##
,,,,**#######..###.# #.....#
,,,,,,.............# #######
***##########...####
+,,.............##
*****#####.......#


You could see a hobgoblin.

Vanquished Creatures
  2 bats (D:1)
  2 goblins (D:1)
  A hobgoblin (D:1)
  A rat (D:1)
6 creatures vanquished.

Notes
Turn   | Place    | Note
--------------------------------------------------------------
     0 | D:1      | Kilingo the Gargoyle Earth Elementalist began the quest for the Orb.
     0 | D:1      | Reached XP level 1. HP: 10/10 MP: 3/3
     6 | D:1      | Noticed a lindwurm
     6 | D:1      | Noticed an iguana
     6 | D:1      | Noticed a water moccasin
     7 | D:1      | Noticed a black bear
   112 | D:1      | Reached skill level 1 in Armour
   248 | D:1      | Slain by a hobgoblin

Vault maps used:
D:1:      onia_arrival_zoo_common, minivault_19

Skill      XL: |  1 |
---------------+----+-----
Armour         | 1 |  1.2
Fighting       | |  0.7
Dodging        | |  1.5
Stealth        | |  2.1
Spellcasting   | |  2.0
Transmutations | |  0.7
Earth Magic    | |  3.6

Action                   || total
-------------------------++-------
Melee: Unarmed           ||    18
 Cast: Sandblast         ||    12
  Use: Scroll            ||     2
Armor: Robe              ||    11
Dodge: Dodged            ||    20
